 Dungeon Crawl Stone Soup version 0.26-b1-32-g5d43845318 (webtiles) character file.

Game seed: 3172077949356222069

79 Dirian the Covered (level 4, -4/40 HPs)
             Began as a Minotaur Fighter on Jan 9, 2021.
             Was an Initiate of Zin.
             Killed by divine providence
             ... invoked by an orc priest
              (12 damage)
             ... on level 3 of the Dungeon.
             The game lasted 00:02:02 (1400 turns).

Dirian the Covered (Minotaur Fighter)               Turns: 1400, Time: 00:02:03

Health: -4/40      AC:  8    Str: 21    XL:     4   Next: 17%
Magic:  3/3        EV:  7    Int:  5    God:    Zin [......]
Gold:   80         SH:  9    Dex: 10    Spells: 3/3 levels left

rFire    . . .     SeeInvis .   a - +0 long sword
rCold    . . .     Faith    .   c - +0 kite shield
rNeg     . . .     Spirit   .   b - +0 scale mail
rPois    .         Reflect  .   (helmet restricted)
rElec    .         Harm     .   (no cloak)
rCorr    .         Rampage  .   (no gloves)
Will     .....                  k - +0 pair of boots (curse)
Stlth    ..........             (no amulet)
HPRegen  0.13/turn              (no ring)
MPRegen  0.08/turn              (no ring)

@: mighty
A: retaliatory headbutt, horns 2
a: Renounce Religion, Donate Gold


You were on level 3 of the Dungeon.
You worshipped Zin.
Zin was noncommittal.
You visited 1 branch of the dungeon, and saw 3 of its levels.

You collected 88 gold pieces.
You donated 8 gold pieces to Zin.

Inventory:

Hand Weapons
 a - a +0 long sword (weapon)
Armour
 b - a +0 scale mail (worn)
 c - a +0 kite shield (worn)
 f - a +0 chain mail
 k - a cursed +0 pair of boots (worn)
Scrolls
 e - 2 scrolls of remove curse {unknown}
 h - a scroll of identify {unknown}
 l - a scroll of magic mapping {unknown}
 m - a scroll of immolation {unknown}
 n - a scroll of enchant armour {unknown}
Potions
 g - a potion of berserk rage {unknown}
 i - 7 potions of curing {unknown}
 j - a potion of magic {unknown}


   Skills:
 + Level 4.1 Fighting
 + Level 3.2 Long Blades
 + Level 4.4 Armour
 + Level 0.6 Dodging
 + Level 4.4 Shields


You had 3 spell levels left.
You didn't know any spells.
Your spell library was empty.

Dungeon Overview and Level Annotations

Branches:
Dungeon (3/15)

Altars:
Gozag
Zin


Innate Abilities, Weirdness & Mutations

You reflexively headbutt those who attack you in melee.
You have a pair of horns on your head.


Message History

You are too injured to fight recklessly!
You are too injured to fight recklessly!
You are too injured to fight recklessly!
You are too injured to fight recklessly!
You are too injured to fight recklessly!
You are too injured to fight recklessly!
You feel very mighty all of a sudden.
The orc priest begins to cast a cantrip, but forgets the words!
The orc hits you but does no damage. Something hits you but does no damage.
You closely miss the orc priest. You block the orc priest's attack.
The orc hits you.
* * * LOW HITPOINT WARNING * * *
Something hits you but does no damage. You block the orc priest's attack.
You hit the orc.
The orc is severely wounded.
The orc hits you.
* * * LOW HITPOINT WARNING * * *
The orc priest calls down the wrath of Beogh upon you.
Beogh smites you!
You die...

## # #. #. #. #..#
.###. #..# .... #..#
#.# #.. #..# #.#
#.o###### #..# #.#
#.{o@...# #..# #.#
#..####.####..# #.#
#..
#.....##..###.###
....
#.#.#.##.........
.###.
#.#.............< ..
....................
.
####.....#######.###
####### #.# # .....


You could see an orc priest and an orc.

Vanquished Creatures
  An adder (D:2)
  2 worms (D:2)
  2 dart slugs
  4 leopard geckos
  2 orcs (D:3)
  A giant cockroach (D:1)
  4 goblins
  7 hobgoblins
  5 jackals (D:2)
  5 kobolds
  A quokka (D:2)
  8 bats
  4 frilled lizards
  6 rats
52 creatures vanquished.

Notes
Turn   | Place    | Note
-------+----------+-------------------------------------------
     0 | D:1      | Dirian the Minotaur Fighter began the quest for the Orb.
     0 | D:1      | Reached XP level 1. HP: 19/19 MP: 0/0
   107 | D:1      | Reached XP level 2. HP: 24/27 MP: 1/1
   546 | D:2      | Reached XP level 3. HP: 33/33 MP: 2/2
   957 | D:2      | Reached XP level 4. HP: 38/40 MP: 3/3
  1069 | D:2      | Found a glowing silver altar of Zin.
  1070 | D:2      | Found an opulent altar of Gozag.
  1279 | D:2      | Became a worshipper of Zin the Law-Giver
  1400 | D:3      | Killed from afar by an orc priest

Illustrated notes

Levels and vault maps discovered:
D:1:      wheals_arrival_shading, layout_rooms, minmay_misc_feat_five,
          hangedman_glass_teeth
D:2:      layout_basic, grunt_temple_overflow_gold_and_silver
D:3:      layout_loops_ring

Skill      XL: |  1  2  3 |
---------------+----------+-----
Armour         | 4 |  4.4
Fighting       | 4 |  4.1
Shields        | 4 |  4.4
Long Blades    | 3 |  3.2
Dodging        | |  0.6

Action                   |  1- 3 |  4- 6 || total
-------------------------+-------+-------++-------
Melee: Long sword        |   110 |    14 ||   124
       Headbutt          |    11 |     3 ||    14
  Use: Potion            |       |     1 ||     1
Armor: Scale mail        |    58 |     6 ||    64
Dodge: Dodged            |    35 |     5 ||    40
Block: Kite shield       |    57 |    10 ||    67
       Rpst.: Long sword |     6 |     2 ||     8
